 Dungeon Crawl Stone Soup version 0.31-a0-200-gbc41564c69 (webtiles) character file.

Game seed: 11555952767226902332

406 Ijustatesigmund the Stinger (level 6, -9/40 HPs)
             Began as an Octopode Venom Mage on June 26, 2023.
             Mangled by an ogre
             ... wielding a +0 giant club
              (46 damage)
             ... on level 5 of the Dungeon.
             The game lasted 00:07:37 (3953 turns).

Ijustatesigmund the Stinger (Octopode Venom Mage)   Turns: 3953, Time: 00:07:37

Health: -9/40      AC:  5    Str:  7    XL:     6   Next: 87%
Magic:  7/11       EV:  2    Int: 19    God:
Gold:   94         SH:  0    Dex: 22    Spells: 1/11 levels left

rFire   . . .        i - +1 rapier
rCold   . . .        (no shield)
rNeg    + + +        (helmet restricted)
rPois   .            (no amulet)
rElec   .            c - ring of see invisible
rCorr   .            j - +6 ring of dexterity
SInv    +            d - ring of Fintowue {Drain rN+++ AC+4 Dex+3 Slay+5}
Will    .....        (no ring)
Stlth   ++++         (no ring)
HPRegen 0.26/turn    (no ring)
MPRegen 0.12/turn    (no ring)
                     (no ring)

%: no passive effects
@: sleeping, radiating poison
A: almost no armour, amphibious, 8 rings, camouflage 1, gelatinous body 1,
(nimble swimmer 1), tentacles
a: no special abilities


You were on level 5 of the Dungeon.
You visited 1 branch of the dungeon, and saw 4 of its levels.

You collected 94 gold pieces.

Inventory:

Hand Weapons
 i - a +1 rapier (weapon)
 m - the +0 war axe "Sekaet" {holy, rN+ Str+5}
   (You found it on level 3 of the Dungeon)

   Str:       It affects your strength (+5).
   rN:        It protects you from negative energy.
Jewellery
 c - a ring of see invisible (left tentacle)
 d - the ring of Fintowue (on tentacle) {Drain rN+++ AC+4 Dex+3 Slay+5}
   (You acquired it on level 2 of the Dungeon)

   [ring of protection]

   AC:        It affects your AC (+4).
   Dex:       It affects your dexterity (+3).
   Slay:      It affects your accuracy & damage with ranged weapons and melee
   (+5).
   rN:        It renders you almost immune to negative energy.
   Drain:     It drains your maximum health when unequipped.
 j - a +6 ring of dexterity (right tentacle)
Wands
 g - a wand of polymorph (3)
Potions
 a - a potion of magic
 b - a potion of berserk rage {unknown}
 e - 2 potions of enlightenment {unknown}


   Skills:
 - Level 2.3 Fighting
 - Level 2.1 Short Blades
 + Level 2.0 Dodging
 - Level 2.6 Stealth
 + Level 3.3 Spellcasting
 + Level 2.0 Conjurations
 - Level 1.0 Transmutations
 + Level 2.6 Air Magic
 + Level 5.2 Poison Magic


You had one spell level left.
You knew the following spells:

 Your Spells              Type           Power      Damage    Failure   Level
a - Sting                 Tmut/Pois      60%        1d6       4%          1
b - Poisonous Vapours     Pois/Air       36%        N/A       4%          2
c - Mephitic Cloud        Conj/Pois/Air  15%        N/A       12%         3
d - Olgreb's Toxic Radia  Pois           23%        N/A       17%         4

Your spell library contained the following spells:

 Spells                   Type           Power      Damage    Failure   Level


Dungeon Overview and Level Annotations

Branches:
Dungeon (3/15)

Altars:
Makhleb
Trog

Annotations:
D:5 2 transporters, Beaer's ghost, amateur FoHu


Innate Abilities, Weirdness & Mutations

You cannot wear most types of armour.
You are amphibious.
You can wear up to eight rings at the same time.
Your skin changes colour to match your surroundings (Stealth+).
Your rubbery body absorbs attacks. (AC +1, EV +1)
((You are camouflaged when in or above water. (Stealth+)))
You have tentacles for arms and can constrict up to eight enemies at once.


Message History

Beogh smites you!
* * * LOW HITPOINT WARNING * * *
It was a potion of curing.
You feel better.
You constrict the hound.
You kill the hound!
Your Short Blades skill increases to level 2!
You feel better.
The orc priest invokes the aid of Beogh against you.
You barely resist. You hit the orc priest. You grab the orc priest.
You squeeze the orc priest.
You kill the orc priest!
Your Conjurations skill increases to level 2!
You start resting.
Magic restored.
You start resting.
HP restored.
b - a sedimented dark potion
Items here: ))) [ †††.
The killer bee buzzes angrily. x2; You hear an angry buzzing noise. x4
A sleepcap comes into view.
Found 10 gold pieces.
An ogre comes into view. It is wielding a +0 giant club.
Found 12 gold pieces.
Found an escape hatch in the floor.
The ogre shouts!
The sleepcap releases spores at you but does no damage.
You hit the ogre. Your squeeze misses the ogre.
The ogre is moderately wounded.
The sleepcap closely misses you. The ogre closely misses you.
Casting: Olgreb's Toxic Radiance (quite dangerous; 17% risk of failure)
Confirm with . or Enter, or press ? or * to list all spells.
The spell is quite dangerous to miscast (17% risk of failure)!
Continue anyway? [Y]es or [N]o only, please.
The spell is quite dangerous to miscast (17% risk of failure)!
Continue anyway?
You begin to radiate toxic energy.
The ogre is poisoned.
The ogre looks even sicker.
The sleepcap releases spores at you.
You are engulfed in a cloud of soporific spores!
You fall asleep.
The ogre looks even sicker.
The ogre hits you with a +0 giant club!!!
Ouch! That really hurt!
You die...

.#...##.......##
.###. #.......# # .
#.......# ####
#......## #$>.##
#........# .....##
.......#.###.......
.......#.##........
#.....###.#.O......
##...# #..@f......
##.. ##.........
### #..........
#.........#
.........##
#...........
#.....$....#
##.....#####


You could see an ogre (very poisoned) and a sleepcap.

Vanquished Creatures
  2 phantoms
  4 orc priests (D:5)
  A hound (D:5)
  3 adders
  A worm (D:2)
  2 dart slugs
  2 orcs
  4 ball pythons
  5 endoplasms
  6 giant cockroaches
  9 goblins
  2 hobgoblins
  12 jackals
  4 kobolds
  3 quokkas
  4 bats
  3 frilled lizards
  2 rats (D:1)
69 creatures vanquished.

Notes
Turn   | Place    | Note
-------+----------+-------------------------------------------
     0 | D:1      | Ijustatesigmund the Octopode Venom Mage began the quest for
                  | the Orb.
     0 | D:1      | Reached XP level 1. HP: 11/11 MP: 3/3
   485 | D:1      | Reached XP level 2. HP: 18/18 MP: 1/5
   488 | D:1      | Learned a level 2 spell: Poisonous Vapours
  1238 | D:1      | Reached skill level 4 in Poison Magic
  1261 | D:1      | Reached skill level 1 in Fighting
  1357 | D:1      | Reached XP level 3. HP: 13/23 MP: 3/6
  1958 | D:2      | Reached skill level 1 in Air Magic
  2410 | D:2      | Reached XP level 4. HP: 28/28 MP: 7/7
  2502 | D:2      | Identified a scroll of acquirement
  2502 | D:2      | Acquired the ring of Fintowue {Drain rN+++ AC+4 Dex+3
                  | Slay+5}
  2511 | D:2      | Learned a level 3 spell: Mephitic Cloud
  3216 | D:3      | Found a faded altar of an unknown god.
  3227 | D:3      | Found a bloodstained altar of Trog.
  3270 | D:3      | Noticed a phantom
  3278 | D:3      | Killed a phantom
  3279 | D:3      | Reached skill level 1 in Short Blades
  3279 | D:3      | Reached skill level 1 in Conjurations
  3279 | D:3      | Reached XP level 5. HP: 28/33 MP: 9/9
  3403 | D:3      | Learned a level 4 spell: Olgreb's Toxic Radiance
  3433 | D:3      | Found a burning altar of Makhleb.
  3439 | D:3      | Identified the +0 war axe "Sekaet" {holy, rN+ Str+5}
  3451 | D:3      | You fall into a shaft and drop 2 floors!
  3451 | D:5      | Entered Level 5 of the Dungeon
  3662 | D:5      | Noticed a phantom
  3674 | D:5      | Killed a phantom
  3675 | D:5      | Reached skill level 5 in Poison Magic
  3675 | D:5      | Reached XP level 6. HP: 32/39 MP: 10/10
  3714 | D:5      | Found a transporter.
  3750 | D:5      | Found a transporter.
  3775 | D:5      | Noticed Beaer's ghost (amateur FoHu)
  3777 | D:5      | Noticed a hornet
  3820 | D:5      | HP: 1/39 [orc priest/divine providence (16)]
  3953 | D:5      | Mangled by an ogre

Illustrated notes

Levels and vault maps discovered:
D:1:      saegor_arrival_simple_d, layout_loops_cross, minmay_pentomino_u4
D:2:      layout_loops_ring, kennysheep_cross_room, minivault_23,
          grunt_ministairs_2, minmay_pentomino_pile
D:3:      cheibrodos_old_hovel, layout_loops_ring, overflow_temple_1_default,
          mainiacjoe_overflow_boulevard, ebering_ecumenical_altar_ruins,
          nicolae_the_louvre
D:5:      layout_cave_pods, nicolae_ashenzari_skybound, serial_shops, shop,
          gammafunk_ghost_hive, uniq_grinder

Skill      XL: |  1  2  3  4  5  6 |
---------------+-------------------+-----
Poison Magic   | 4 5 |  5.2
Fighting       | 1 2 |  2.3
Air Magic      | 1 2 |  2.6
Short Blades   | 1 2 |  2.1
Spellcasting   | 3 |  3.3
Conjurations   | 1 2 |  2.0
Dodging        | |  2.0
Stealth        | |  2.6
Transmutations | |  1.0

Action                     |  1- 3 |  4- 6 || total
---------------------------+-------+-------++-------
  Melee: Unarmed           |    33 |       ||    33
         Constrict         |    10 |    10 ||    20
         Tentacles         |     8 |    11 ||    19
         Rapier            |     5 |    43 ||    48
         War axe           |       |     6 ||     6
   Cast: Sting             |    50 |     5 ||    55
         Poisonous Vapours |     5 |    13 ||    18
         Olgreb's Toxic Ra |       |     3 ||     3
    Use: Scroll            |       |     6 ||     6
         Potion            |       |     4 ||     4
   Stab: Sleeping          |       |     2 ||     2
 Armour: Skin              |     4 |    15 ||    19
  Dodge: Dodged            |    38 |    31 ||    69

Table legend: (Time is in decaauts)
 A = Elapsed time spent in this place.
 B = Non-inter-level travel time spent in this place.
 C = Inter-level travel time spent in this place.
 D = Time resting spent in this place.
 E = Time spent auto-exploring this place.
 F = Levels seen in this place.
 G = Mean time per level.
                   A        B        C        D        E       F      G
               +--------+--------+--------+--------+--------+-----+--------+
         Total |   3961 |   3907 |     54 |   1621 |   1806 |   4 |  990.2 |
       Dungeon |   3961 |   3907 |     54 |   1621 |   1806 |   4 |  990.2 |
               +--------+--------+--------+--------+--------+-----+--------+

Top non-repeatable levels by time:
     D:1: 1914 daAuts
     D:2: 1135 daAuts
     D:5: 504 daAuts
     D:3: 406 daAuts
